AoeStats
← Jomp

Arabia

508046635Analyzed
3v3 RM · 13d ago on Sep 20, 2026· 136m 49s· 6 players
Game mode
Random Map
Map size
Normal (6 player)
Population
200
Speed
Normal
Resources
Standard
Victory
Conquest
Starting age
Dark Age
Ending age
Imperial Age
RankedLock teamsTeams togetherTeam positionsShared explorationLock speedFull tech treeHidden civsTurbo modeCheats
Victory
Defeat
🇩🇪 Persians · Germany
993
+10
🇦🇺 Celts · Australia
870
+15
🇩🇪 Chinese · Germany
777
+20
🇺🇸 Hindustanis · United States
937
-18
🇺🇸 Portuguese · United States
928
-18
🇺🇸 Gurjaras · United States
688
-9
Pukinskis
3:25 Loom
12:19 Feudal Age
13:00 Double-Bit Axe
16:24 Horse Collar
20:46 Castle Age
18:58 Gold Mining
20:48 Man-at-Arms
21:42 Bow Saw
22:17 Forging
22:31 Long Swordsman
24:46 Town Watch
30:25 Imperial Age
28:15 Pikeman
33:10 Heavy Plow
34:57 Wheelbarrow
34:18 Two-Handed Swordsman
35:15 Stone Mining
35:59 Scale Mail Armor
37:26 Champion
41:32 Iron Casting
41:58 Fletching
42:52 Hand Cart
43:05 Conscription
43:34 Gold Shaft Mining
43:38 Stone Shaft Mining
44:32 Chain Mail Armor
47:16 Gambesons
52:54 Elite Skirmisher
54:46 Bodkin Arrow
58:53 Padded Archer Armor
68:52 Blast Furnace
81:46 Plate Mail Armor
85:57 Leather Archer Armor
92:48 Halberdier
110:51 Caravan
123:30 Town Patrol
131:56 Capped Ram
135:06 Siege Ram
Jomp
11:02 Feudal Age
15:28 Castle Age
13:36 Horse Collar
15:19 Loom
15:30 Double-Bit Axe
19:11 Bow Saw
20:45 Husbandry
22:07 Bloodlines
23:46 Scale Barding Armor
25:35 Gold Mining
27:23 Stone Mining
29:56 Chain Barding Armor
29:47 Forging
36:07 Wheelbarrow
36:56 Fletching
37:57 Gold Shaft Mining
43:25 Imperial Age
41:48 Murder Holes
42:04 Masonry
43:40 Iron Casting
43:13 Heavy Plow
43:35 Cavalier
45:26 Plate Barding Armor
45:34 Conscription
47:37 Architecture
47:40 Crop Rotation
47:42 Hand Cart
48:07 Town Watch
49:27 Chemistry
50:27 Hoardings
50:05 Town Patrol
50:03 Bodkin Arrow
52:00 Kamandaran
53:38 Blast Furnace
52:51 Savar
54:24 Ballistics
56:15 Two-Man Saw
55:55 Stone Shaft Mining
55:41 Citadels
55:40 Scale Mail Armor
58:29 Chain Mail Armor
58:15 Padded Archer Armor
57:38 Crossbowman
58:07 Capped Ram
59:22 Thumb Ring
65:13 Guilds
67:31 Caravan
73:20 Leather Archer Armor
73:35 Plate Mail Armor
74:53 Coinage
75:16 Block Printing
74:57 Herbal Medicine
75:38 Theocracy
82:56 Ring Archer Armor
83:08 Banking
82:46 Squires
82:07 Pikeman
82:26 Sappers
82:17 Elite War Elephant
99:23 Devotion
99:34 Fervor
111:12 Heavy Camel Rider
111:14 Light Cavalry
111:44 Gambesons
111:45 Arson
111:20 Halberdier
113:31 Faith
115:29 Hussar
119:17 Parthian Tactics
118:17 Elite Skirmisher
132:15 Clinker Construction
132:16 Careening
131:57 Guard Tower
132:13 Siphons
131:59 Heated Shot
131:35 Spies/Treason
SternElf2500743
1:21 Loom
12:49 Feudal Age
14:26 Double-Bit Axe
15:46 Man-at-Arms
17:22 Horse Collar
17:37 Arson
30:21 Forging
30:11 Scale Mail Armor
39:21 Castle Age
38:07 Stone Mining
38:08 Gold Mining
38:30 Gold Mining
41:19 Wheelbarrow
41:45 Heavy Plow
41:57 Bow Saw
42:24 Hand Cart
48:15 Gold Shaft Mining
49:29 Long Swordsman
50:10 Squires
55:26 Imperial Age
53:35 Iron Casting
53:01 Scale Mail Armor
54:19 Pikeman
56:02 Chain Mail Armor
56:38 Conscription
58:03 Masonry
57:39 Arrowslits
57:50 Murder Holes
58:22 Ballistics
61:39 Two-Man Saw
60:25 Two-Handed Swordsman
60:27 Halberdier
65:06 Champion
66:57 Blast Furnace
84:28 Caravan
88:22 Plate Mail Armor
87:49 Guard Tower
100:46 Elite Fire Lancer
105:09 Architecture
105:49 Chemistry
dallasblack
16:01 Feudal Age
24:02 Castle Age
28:49 Double-Bit Axe
39:23 Husbandry
39:58 Horse Collar
41:06 Gold Mining
49:12 Scale Barding Armor
53:47 Imperial Age
52:16 Forging
56:34 Kshatriyas
57:27 Elite Skirmisher
71:12 Fletching
71:59 Iron Casting
71:43 Stone Mining
71:57 Padded Archer Armor
79:13 Bodkin Arrow
79:20 Scale Mail Armor
dajaegbu
5:25 Loom
12:01 Feudal Age
13:02 Double-Bit Axe
14:25 Wheelbarrow
14:01 Horse Collar
18:17 Castle Age
18:31 Scale Barding Armor
18:40 Bloodlines
23:22 Murder Holes
22:57 Pikeman
33:49 Imperial Age
35:57 Scale Mail Armor
47:19 Halberdier
48:18 Bow Saw
52:06 Forging
58:31 Gambesons
62:39 Chain Mail Armor
63:41 Iron Casting
65:56 Plate Mail Armor
66:34 Hand Cart
70:30 Elite Organ Gun
75:03 Conscription
75:49 Caravan
77:47 Husbandry
77:08 Cavalier
82:21 Blast Furnace
96:17 Chemistry
97:21 Chain Barding Armor
99:24 Plate Barding Armor
113:27 Coinage
119:06 Banking
Peacemaker2000
11:16 Feudal Age
12:03 Double-Bit Axe
12:19 Horse Collar
21:49 Castle Age
20:38 Bloodlines
22:44 Gold Mining
23:03 Heavy Plow
23:06 Husbandry
23:31 Bow Saw
25:06 Scale Barding Armor
26:21 Grand Trunk Road
27:07 Squires
32:14 Imperial Age
34:49 Wheelbarrow
36:40 Two-Man Saw
36:50 Conscription
37:44 Heavy Camel Rider
40:00 Chemistry
39:21 Ballistics
39:44 Imperial Camel Rider
41:34 Shatagni
42:14 Scale Mail Armor
42:24 Forging
44:37 Elite Ghulam
46:20 Padded Archer Armor
50:37 Murder Holes
50:53 Fortified Wall
53:59 Gold Shaft Mining
53:14 Stone Mining
53:39 Masonry
54:37 Hand Cart
60:29 Leather Archer Armor
60:05 Fletching
60:30 Chain Mail Armor
68:42 Chain Barding Armor
69:52 Iron Casting
87:17 Pikeman
88:19 Light Cavalry
96:21 Blast Furnace
95:57 Plate Barding Armor
102:14 Bodkin Arrow
102:33 Hussar
107:30 Arson
117:51 Man-at-Arms
128:35 Loom
Connection lost

Rejoining the realm…

Still unreachable

The connection could not be restored.

Session expired

The server has moved on; the page needs a fresh start.